Map: Incorporeal LE

Players

twoSheds - Winner!

  • Race: Zerg Zerg
  • League: Gold
  • Spawn Location: 5:00

HughMungus

  • Race: Zerg Zerg
  • League: Platinum
  • Spawn Location: 11:00

VOD

Have the link to the VOD?

Description

A win.

Time

  • Played on: Sept. 4, 2025, 9:14 a.m.
  • Length: 19:05
Show
View Real Time Build Order
Export as new Build Order

twoSheds Zerg - Winner!

Build Orders: Hatch First 

Get SALT Encoding   

  12  0:00  Drone  
  13  0:14  Overlord  
  13  0:17  Drone  
  14  0:33  Drone x2  
  16  0:46  Hatchery  
  15  0:50  Drone  
  15  0:54  Drone  
  17  0:58  Drone  
  17  1:02  Extractor  
  17  1:15  Spawning Pool  
  17  1:16  Drone  
  17  1:25  Drone  
  18  1:34  Drone  
  19  1:46  Overlord  
  19  1:52  Drone  
  20  2:06  Queen  
  22  2:08  Queen  
  22  2:10  Zergling x4  
  22  2:13  Drone  
  27  2:15  Metabolic Boost  
  27  2:18  Zergling x2  
  28  2:30  Drone  
  28  2:31  Drone  
  28  2:35  Drone  
  28  2:36  Drone  
  32  2:53  Hatchery  
  32  2:57  Zergling x6  
  34  3:02  Drone  
  34  3:04  Drone  
  36  3:18  Overlord, Lair  
  36  3:19  Overlord  
  36  3:36  Queen  
  36  3:37  Zergling x6  
  36  3:38  Zergling x2  
  36  3:39  Drone  
  43  3:47  Baneling Nest  
  42  3:52  Evolution Chamber  
  42  3:53  Evolution Chamber, Drone x2  
  42  3:56  Drone  
  43  4:03  Drone x2  
  43  4:04  Drone  
  43  4:06  Zergling x2  
  43  4:07  Drone  
  48  4:19  Queen  
  51  4:24  Zergling x6  
  51  4:25  Drone  
  51  4:26  Drone  
  51  4:28  Drone  
  56  4:34  Zerg Melee Weapons Level 1  
  56  4:44  Zerg Ground Armor Level 1  
  56  4:55  Drone x2  
  56  4:56  Overlord x2  
  56  4:57  Overlord  
  58  5:07  Extractor  
  58  5:08  Drone  
  58  5:19  Drone x5  
  58  5:20  Drone  
  58  5:21  Drone x2  
  66  5:25  Queen  
  68  5:34  Zergling x8  
  68  5:35  Zergling x10  
  77  5:38  Drone x2  
  77  5:40  Centrifugal Hooks  
  79  6:10  Drone x3  
  82  6:11  Overlord  
  82  6:12  Overlord x3  
  82  6:32  Zergling x2  
  83  6:33  Zergling x16  
  83  6:39  Zerg Melee Weapons Level 2  
  91  6:45  Baneling x7  
  91  6:46  Baneling x2  
  91  6:47  Baneling  
  91  6:56  Extractor  
  91  6:57  Extractor  
  91  6:58  Extractor, Drone x5  
  91  6:59  Extractor  
  92  7:04  Zergling x2  
  92  7:05  Zergling x14  
  92  7:08  Baneling x4  
  100  7:14  Hatchery  
  99  7:32  Hatchery  
  98  7:40  Drone  
  98  7:41  Drone x3  
  102  7:58  Zergling x4  
  102  7:59  Zergling x4  
  102  8:04  Infestation Pit  
  102  8:05  Zerg Ground Armor Level 2  
  105  8:06  Zergling x2  
  105  8:08  Overlord x4  
  106  8:38  Drone  
  106  8:39  Drone x4  
  106  8:40  Zergling x10  
  106  8:41  Zergling x4  
  118  8:43  Burrow  
  118  8:50  Hive  
  118  8:51  Zergling x4  
  118  8:52  Drone x5  
  125  9:00  Zergling x4  
  125  9:01  Zergling x6  
  130  9:03  Baneling x7  
  130  9:04  Baneling x3  
  130  9:09  Pneumatized Carapace  
  130  9:18  Zergling x2  
  130  9:19  Zergling x6  
  130  9:20  Zergling x4  
  130  9:22  Baneling x2  
  130  9:23  Baneling x7  
  136  9:26  Overseer x2  
  136  9:28  Overseer  
  136  9:41  Drone  
  136  9:42  Drone x10  
  136  9:43  Overlord x4  
  136  9:44  Overlord  
  148  9:52  Drone  
  148  9:53  Drone x2  
  150  10:09  Viper x2  
  156  10:45  Ultralisk Cavern  
  155  10:54  Viper x2  
  155  10:57  Zergling x26  
  162  10:58  Zergling x2  
  162  11:00  Extractor, Hatchery, Baneling x3  
  162  11:01  Extractor, Baneling x2  
  172  11:08  Hatchery  
  171  11:39  Overlord x2  
  154  12:59  Zergling x2  
  154  13:00  Zergling x24  
  89  13:41  Zergling x2  
  89  13:42  Zergling x4  
  89  13:43  Ultralisk  
  89  13:44  Ultralisk x12  
  89  13:47  Chitinous Plating  
  164  13:57  Ultralisk x4  
  164  13:58  Ultralisk x9  
  161  14:08  Spore Crawler  
  161  14:09  Spore Crawler  
  159  14:10  Spore Crawler x2  
  159  14:13  Spore Crawler  
  159  14:16  Spore Crawler x2  
  154  14:18  Spore Crawler x2  
  154  14:20  Spore Crawler  
  154  14:22  Spore Crawler  
  139  15:06  Zergling x6  
  139  15:07  Zergling x56, Hydralisk Den  
  151  15:08  Overlord x3  
  151  15:09  Overlord x3  
  139  15:36  Hydralisk  
  139  15:37  Hydralisk x18  
  165  15:45  Overseer  
  165  15:46  Overseer  
  135  16:05  Extractor  
  135  16:06  Zerg Missile Weapons Level 1  
  135  16:07  Extractor  
  135  16:08  Zerg Ground Armor Level 3  
  135  16:10  Muscular Augments  
  133  16:13  Ultralisk x2  
  133  16:14  Ultralisk x4  
  133  16:17  Zergling x14  
  176  16:19  Baneling x2  
  176  16:20  Baneling x6  
  176  16:38  Hydralisk x3  
  176  16:39  Hydralisk x8  
  198  16:43  Hydralisk x18  
  188  17:14  Grooved Spines  
  168  17:28  Overseer  
  168  17:29  Overseer  
  166  17:30  Ultralisk x3  
  166  17:32  Hydralisk x8  
  189  17:53  Hydralisk x5  
Show
View Real Time Build Order
Export as new Build Order

HughMungus Zerg 

Build Orders: Pool First, Lurkers 

Get SALT Encoding   

  12  0:00  Drone  
  13  0:08  Drone  
  14  0:27  Spawning Pool  
  13  0:29  Drone  
  14  0:36  Overlord  
  14  0:42  Extractor  
  13  0:43  Drone  
  14  0:56  Drone  
  14  0:57  Drone  
  16  1:02  Drone  
  17  1:13  Drone  
  17  1:14  Queen  
  20  1:24  Drone  
  21  1:30  Roach Warren  
  20  1:35  Drone  
  21  1:45  Drone  
  22  1:57  Overlord  
  22  2:01  Extractor  
  21  2:09  Hatchery  
  20  2:16  Drone  
  21  2:23  Drone  
  21  2:24  Drone x3  
  25  2:35  Roach  
  27  2:44  Evolution Chamber  
  27  2:46  Drone, Evolution Chamber  
  26  2:58  Roach x2  
  30  3:11  Overlord x2  
  30  3:16  Zerg Ground Armor Level 1  
  30  3:22  Zerg Missile Weapons Level 1  
  30  3:33  Queen  
  32  3:43  Roach  
  32  3:44  Roach  
  36  3:53  Lair  
  36  3:58  Roach  
  38  4:08  Drone x3  
  41  4:11  Drone  
  42  4:17  Drone  
  42  4:18  Drone  
  44  4:33  Roach x2  
  48  4:42  Drone x3  
  48  4:43  Drone  
  52  4:56  Hydralisk Den, Drone  
  52  5:02  Overlord x2  
  52  5:10  Zerg Melee Weapons Level 1  
  52  5:16  Extractor x2, Zerg Ground Armor Level 2  
  50  5:26  Roach x2  
  54  5:48  Hydralisk x3  
  60  5:54  Overseer  
  60  5:58  Drone x6  
  60  5:59  Drone  
  60  6:01  Drone  
  68  6:07  Overlord  
  68  6:35  Drone  
  68  6:36  Drone x5  
  74  6:43  Infestation Pit  
  74  6:46  Spire  
  72  6:50  Grooved Spines  
  72  6:52  Glial Reconstitution  
  72  6:59  Overseer  
  72  7:04  Zerg Missile Weapons Level 2  
  72  7:07  Overlord x2  
  72  7:26  Hydralisk x3, Roach  
  72  7:27  Roach x2  
  84  7:31  Zerg Melee Weapons Level 2  
  84  7:40  Muscular Augments  
  84  7:48  Hatchery  
  84  7:49  Drone, Lurker Den  
  83  7:53  Drone  
  83  7:57  Drone x3  
  83  7:58  Drone, Overlord  
  88  7:59  Overlord x2  
  88  8:06  Zerg Flyer Armor Level 1  
  88  8:26  Pneumatized Carapace  
  88  8:28  Burrow  
  88  8:48  Extractor  
  87  8:51  Extractor  
  86  9:01  Lurker x4  
  86  9:02  Lurker  
  91  9:18  Hive  
  91  9:39  Queen  
  91  9:41  Drone x3  
  91  9:42  Drone x3  
  91  9:44  Drone x6  
  91  9:45  Drone x2  
  106  9:46  Drone  
  106  9:48  Overlord x2  
  108  10:05  Hydralisk x2  
  108  10:06  Hydralisk, Roach x3  
  120  10:15  Extractor  
  120  10:17  Hatchery  
  120  10:19  Zerg Flyer Weapons Level 1  
  118  10:33  Zerg Ground Armor Level 3  
  118  10:34  Zerg Missile Weapons Level 3  
  118  10:44  Tunneling Claws  
  118  10:48  Corruptor x2  
  122  10:57  Drone  
  122  10:58  Drone x2  
  122  10:59  Drone x4  
  122  11:00  Overlord x5  
  122  11:03  Overseer x2  
  129  11:17  Seismic Spines  
  129  11:29  Queen  
  131  11:35  Extractor  
  131  11:36  Drone x3  
  133  12:12  Mutalisk  
  133  12:13  Mutalisk x7  
  133  12:14  Mutalisk x4, Adaptive Talons  
  152  12:50  Lurker x4  
  134  13:10  Zerg Melee Weapons Level 3  
  88  13:47  Mutalisk x3, Hydralisk x3  
  88  13:48  Hydralisk x3, Mutalisk x3  
  112  14:03  Hatchery, Extractor  
  110  14:10  Greater Spire  
  82  15:03  Mutalisk x3  
  82  15:04  Mutalisk x6  
  93  15:16  Mutalisk  
  93  15:17  Mutalisk x3  
  73  16:05  Queen  
  73  16:07  Queen  
  73  16:08  Queen  
  79  16:13  Drone x3  
  79  16:14  Drone x6  
  81  18:16  Hydralisk Den  
  80  18:22  Spire  
Tags
 
Composition
Lurkers
Matchup
ZvZ
Race
Zerg
Spawn Locations
Cross Positions
Add a new tag
Caveats
  • Supply blocks, unpowered buildings, or Contaminate may cause inaccurate times.
  • Supply counts are checked every 10 seconds.